 Dungeon Crawl Stone Soup version bcrawl-1.26.1 (webtiles) character file.

Game seed: 7148507120779066828

107530 Freyura the Skirmisher (level 3, 0/29 HPs)
             Began as a Demonspawn Abyssal Knight on July 3, 2020.
             Was a Follower of Lugonu.
             Slain by an adder (5 damage)
             ... on level 2 of the Dungeon.
             The game lasted 00:03:47 (1335 turns).

Freyura the Skirmisher (Demonspawn Abyssal Knight)  Turns: 1335, Time: 00:03:47

Health: 0/29       AC:  3    Str: 12    XL:     3   Next: 26%
Magic:  5/5        EV: 11    Int: 13    God:    Lugonu [*.....]
Gold:   206        SH:  0    Dex: 13    Spells: 2/2 levels left

rFire    + . .     SeeInvis .   a - +1 mace
rCold    . . .     Gourm    .   (no shield)
rNeg     . . .     Faith    .   b - +0 leather armour
rPois    .         Spirit   .   (no helmet)
rElec    .         Reflect  .   (no cloak)
rCorr    +         Harm     .   (no gloves)
MR       .....                  (no boots)
Stlth    +.........             (no amulet)
HPRegen  0.09/turn              i - ring of resist corrosion
MPRegen  0.09/turn              (no ring)

@: lethally poisoned (0 -> -2)
A: fire resistance 1
a: Depart the Abyss, Bend Space, Renounce Religion


You were on level 2 of the Dungeon.
You worshipped Lugonu.
Lugonu was aware of your devotion.
You were hungry.

You visited 1 branch of the dungeon, and saw 2 of its levels.
You visited the Abyss 1 time.

You collected 206 gold pieces.

Inventory:

Hand Weapons
 a - a +1 mace (weapon)
Missiles
 c - 10 tomahawks of dispersal {=f}
 d - 430 stones (quivered)
Armour
 b - a +0 leather armour (worn)
Jewellery
 i - a ring of resist corrosion (left hand)
 m - a cursed ring of teleportation {unknown}
Scrolls
 h - a scroll of remove curse {unknown}
 k - 2 scrolls of identify
 l - a scroll of amnesia {unknown}
 n - a scroll of fog {unknown}
 o - a scroll of enchant armour {unknown}
Potions
 f - a potion of magic {unknown}
 g - a potion of might {unknown}
 j - a potion of resistance {unknown}
Comestibles
 e - 2 rations {!d}


   Skills:
 * Level 3.4 Fighting
 * Level 2.4 Maces & Flails
 - Level 0.8 Throwing
 + Level 2.0 Armour
 + Level 1.3 Dodging
 + Level 3.0 Invocations


You had 2 spell levels left.
You didn't know any spells.
Your spell library was empty.

Dungeon Overview and Level Annotations

Branches:
Dungeon (2/12)

Altars:


Innate Abilities, Weirdness & Mutations

Your flesh is heat resistant. (rF+)


Message History

You closely miss the adder.
The adder is almost dead.
You feel sick. The adder bites you. x2
You are too injured to fight recklessly!
You are too injured to fight recklessly!
You are too injured to fight recklessly!
The adder closely misses you.
Found a robe.
You miss the adder.
The adder is almost dead.
You feel sick. The adder barely misses you. The adder closely misses you.
You closely miss the adder.
The adder is almost dead.
You are feeling hungry.
The adder bites you.
* * * LOW HITPOINT WARNING * * *
You barely miss the adder.
The adder is almost dead.
The adder bites you.
You die...

.......# #.# #.#
########
###.#####.##
#......†...########
#.#.#####.........#
#.#........######.#
# ########.# #)#
#.# #.#
#####.######.#
#@...........#
#S###"######## ...[
..# #......#.#
..........#
###......###
#......# #.##>###


You could see an adder.

Vanquished Creatures
  2 dart slugs
  2 leopard geckos (D:1)
  2 ball pythons (D:1)
  A giant cockroach (D:2)
  2 goblins
  3 hobgoblins
  6 jackals
  5 bats
  A frilled lizard (D:1)
  4 kobolds
  3 rats (D:1)
31 creatures vanquished.

Notes
Turn   | Place    | Note
-------+----------+-------------------------------------------
     0 | Abyss:1  | Freyura the Demonspawn Abyssal Knight began the quest for
                  | the Orb.
     0 | Abyss:1  | Reached XP level 1. HP: 18/18 MP: 2/2
    41 | Abyss:1  | Noticed a small abomination
    43 | Abyss:1  | Noticed a tormentor
    44 | D:1      | Escaped the Abyss
   161 | D:1      | Reached * piety under Lugonu
   161 | D:1      | Reached skill level 1 in Dodging
   286 | D:1      | Gained mutation: Your flesh is heat resistant. (rF+)
                  | [demonic ancestry]
   286 | D:1      | Reached XP level 2. HP: 14/24 MP: 4/4
  1112 | D:2      | Reached XP level 3. HP: 29/29 MP: 5/5
  1335 | D:2      | Slain by an adder

Skill      XL: |  1  2 |
---------------+-------+-----
Dodging        | 1 |  1.3
Maces & Flails | 2 |  2.4
Armour         | 2 |  2.0
Invocations    | 3 |  3.0
Fighting       | |  3.4
Throwing       | |  0.8

Action                   || total
-------------------------++-------
Melee: Mace              ||   104
Invok: Depart the Abyss  ||     1
  Eat: Chunk             ||     1
Armor: Leather armour    ||    36
Dodge: Dodged            ||    88
